 Dungeon Crawl Stone Soup version 0.26.1-11-gd32895ea62 (webtiles) character file.

Game seed: 572531081370772445

16244 bnorton916 the Devastator (level 12, -5/59 HPs)
             Began as a Deep Elf Conjurer on July 17, 2021.
             Was an Initiate of Gozag.
             Hit by a large rock thrown by a cyclops (39 damage)
             ... on level 11 of the Dungeon.
             The game lasted 00:44:38 (22038 turns).

bnorton916 the Devastator (Deep Elf Conjurer)      Turns: 22038, Time: 00:44:39

Health: -5/59      AC: 11    Str:  6    XL:     12   Next: 8%
Magic:  27/27      EV: 20    Int: 26    God:    Gozag
Gold:   347        SH:  0    Dex: 14    Spells: 15/29 levels left

rFire    + + .     SeeInvis .   l - +4 dagger
rCold    + . .     Faith    .   (no shield)
rNeg     + . .     Spirit   .   J - +1 robe {rN+}
rPois    .         Reflect  .   m - +0 helmet
rElec    .         Harm     .   (no cloak)
rCorr    .         Rampage  .   y - +1 pair of gloves of Ethics {rF++ rC+}
Will     +....                  F - +0 pair of boots
Stlth    ++++......             (no amulet)
HPRegen  0.19/turn              r - +4 ring of evasion
MPRegen  0.20/turn              L - +4 ring of protection

@: no status effects
A: no striking features
a: Renounce Religion, Potion Petition, Call Merchant, Bribe Branch


You were on level 11 of the Dungeon.
You worshipped Gozag.
Gozag was aware of your devotion.
You visited 3 branches of the dungeon, and saw 14 of its levels.

You collected 2435 gold pieces.
You spent 532 gold pieces at shops.
You paid 1556 gold pieces to Gozag.

Inventory:

Hand Weapons
 l - a +4 dagger (weapon)
 H - a +1 dagger of venom
 K - a +1 scimitar of flaming
Missiles
 u - 4 curare-tipped darts
 E - 6 silver javelins
 T - 2 large rocks
Armour
 m - a +0 helmet (worn)
 y - the +1 pair of gloves of Ethics (worn) {rF++ rC+}
   (You bought it in a shop on level 8 of the Dungeon)

   It greatly protects you from fire.
   It protects you from cold.
 F - a +0 pair of boots (worn)
 J - a +1 robe of positive energy (worn)
Magical Staves
 t - an uncursed staff of earth
Jewellery
 a - the ring of Obsession {Str+6 Dex+6}
   (You acquired it on level 8 of the Dungeon)

   [ring of dexterity]

   It affects your strength (+6).
   It affects your dexterity (+6).
 c - a +6 ring of intelligence
 e - an uncursed ring of see invisible
 f - an uncursed ring of resist corrosion
 r - a +4 ring of evasion (left hand)
 v - an uncursed amulet of regeneration
 L - a +4 ring of protection (right hand)
 P - an uncursed ring of willpower {unknown}
Wands
 w - a wand of iceblast (10)
 M - a wand of flame (18)
 N - a wand of paralysis (8)
Scrolls
 b - 4 scrolls of identify
 d - a scroll of magic mapping
 g - 2 scrolls of remove curse
 i - 5 scrolls of fog
 k - 5 scrolls of teleportation
 n - a scroll of immolation
 o - 3 scrolls of blinking
 q - 2 scrolls of noise
 s - a scroll of random uselessness
 x - a scroll of vulnerability
 B - a scroll of enchant weapon {unknown}
 D - a scroll of summoning
 O - a scroll of torment
 R - a scroll of fear
 S - a scroll of amnesia
Potions
 h - a potion of heal wounds
 j - 5 potions of curing
 p - a potion of brilliance
 z - 2 potions of lignification
 A - a potion of mutation
 C - a potion of haste
 G - a potion of might
 I - a potion of magic
 Q - a potion of attraction {unknown}


   Skills:
 + Level 7.0 Dodging
 + Level 7.6 Stealth
 - Level 9.4 Spellcasting
 - Level 16.1 Conjurations
 - Level 6.8 Hexes
 - Level 1.2 Necromancy
 - Level 5.7 Translocations


You had 15 spell levels left.
You knew the following spells:

 Your Spells              Type           Power        Failure   Level
a - Magic Dart            Conj           100%         0%          1
b - Searing Ray           Conj           100%         0%          2
c - Fulminant Prism       Conj/Hex       32%          1%          4
d - Iskenderun's Mystic   Conj/Tloc      62%          1%          4
e - Tukima's Dance        Hex            47%          1%          3

Your spell library contained the following spells:

 Spells                   Type           Power        Failure   Level
 Apportation              Tloc           82%          1%          1
 Dazzling Flash           Conj/Hex       100%         1%          3
 Lesser Beckoning         Tloc           20%          1%          3
 Animate Skeleton         Necr           36%          3%          1
 Pain                     Necr           72%          3%          1
 Vampiric Draining        Necr           9%           9%          3
 Animate Dead             Necr           9%           28%         4
 Invisibility             Hex            47%          41%         6
 Agony                    Necr           18%          63%         5
 Alistair's Intoxication  Tmut/Pois      8%           80%         5


Dungeon Overview and Level Annotations

Branches:
Dungeon (11/15)            Temple (1/1) D:5            Lair (2/6) D:10
  Swamp: Lair:2-4    Shoals: Lair:2-4     Snake: Lair:2-4    Spider: Lair:2-4
    Orc: D:9-12

Altars:
Ashenzari
Cheibriados
Dithmenos
Elyvilon
Fedhas
Gozag
Hepliaklqana
Kikubaaqudgha
Makhleb
Nemelex Xobeh
Okawaru
Qazlal
Ru
Sif Muna
Trog
Uskayaw
Vehumet
Wu Jian
Xom
Yredelemnul
Zin
The Shining One

Shops:
D:8 ([   D:9 (   D:10 =

Annotations:
D:3 1 runed translucent door, nothank2's ghost, novice GrEE; tygod's ghost, amateur TrBe
Lair:1 2 transporters, boopmooplesden's ghost, journeyman MiFi


Message History

Confirm with . or Enter, or press ? or * to list all spells.
Aiming: Fulminant Prism (safe; 1% risk of failure)
Press: ? - help, Dir - move target, f - you
Okay, then.
You climb upwards.
There is a stone staircase leading down here.
You start resting.
Magic restored.
You start resting.
HP restored.
You start waiting.
Done waiting.
You climb downwards.
The cyclops throws a large rock.
The large rock hits you!!
There is a stone staircase leading up, spattered with blood here.
You see here 2 large rocks.
T - 2 large rocks The cyclops throws a large rock.
The large rock hits you!!!
Ouch! That really hurt!
You die...
Your body crumbles into a pile of gold.

#............# ..
#.#............##
..##.#....#+#......#
..........##.....#.####.# #
.C.................# #.##.#####
≈.......#..........# #.........
≈.......#..........####.##.#####
........#.........(............
≈.......#....>..@....##.##.####.
......$.#...)..(...............
.......$(.C.)...........>#..###
..#####.(..(..................#
#.# ##############.....#..#.#
K.# #.##..#..#.# # K.#
#.##.......#.# ..#
#.....#....#.# .K.
#.###.#.......


You could see a cyclops.

Vanquished Creatures
  Erica (D:9)
  A centaur warrior (D:9)
  An unseen horror (D:9)
  12 elephants
  Joseph (D:8)
  3 cane toads
  A komodo dragon (Lair:2)
  A hornet (D:10)
  3 blink frogs
  A spriggan (Lair:2)
  A wraith (D:10)
  A wyvern (D:10)
  3 basilisks
  A steam dragon (D:10)
  3 yaks (D:11)
  A vampire mosquito (D:9)
  Edmund (D:5)
  3 water moccasins
  5 orc warriors
  2 black bears
  An ice beast (D:5)
  5 sky beasts
  A necrophage (D:10)
  7 ogres
  5 phantoms
  4 wolves (Lair:1)
  3 centaurs
  A big kobold (D:8)
  9 bullfrogs
  A gnoll sergeant (D:7)
  2 scorpions (D:8)
  6 electric eels
  A howler monkey (D:10)
  2 centaur zombies (D:8)
  2 bullfrog zombies
  4 hounds
  A jelly (D:8)
  13 orc wizards
  6 orc priests
  3 bullfrog skeletons
  3 centaur skeletons
  3 iguanas
  12 worker ants
  2 hound skeletons
  A howler monkey zombie (D:5)
  8 gnolls (D:7)
  7 adders
  A shadow imp (D:10)
  4 white imps
  4 ufetubi
  An ooze (D:2)
  An adder zombie (D:7)
  An adder skeleton (D:9)
  8 worms
  A dart slug (D:1)
  4 leopard geckos
  32 orcs
  5 giant cockroaches
  6 goblins
  6 hobgoblins
  2 quokkas
  3 ball pythons
  5 bats
  3 frilled lizards
  12 kobolds
  A leopard gecko zombie (D:5)
  3 rats
  A toadstool (D:5)
263 creatures vanquished.

Vanquished Creatures (collateral kills)
  A two-headed ogre (D:10)
1 creature vanquished.

Vanquished Creatures (others)
  58 fulminant prisms
  90 fungi
  106 plants
  3 toadstools (D:5)
  2 withered plants (D:8)
259 creatures vanquished.

Grand Total: 523 creatures vanquished

Notes
Turn   | Place    | Note
-------+----------+-------------------------------------------
     0 | D:1      | bnorton916 the Deep Elf Conjurer began the quest for the
                  | Orb.
     0 | D:1      | Reached XP level 1. HP: 10/10 MP: 6/6
   153 | D:1      | Reached XP level 2. HP: 15/15 MP: 5/8
   156 | D:1      | Learned a level 2 spell: Searing Ray
   864 | D:2      | Reached skill level 5 in Conjurations
   864 | D:2      | Reached XP level 3. HP: 19/19 MP: 3/10
  1536 | D:3      | Noticed tygod's ghost (amateur TrBe)
  1540 | D:3      | Found a runed translucent door.
  1580 | D:3      | Reached XP level 4. HP: 24/24 MP: 9/12
  2138 | D:3      | Found an opulent altar of Gozag.
  2138 | D:3      | Found a white marble altar of Elyvilon.
  2356 | D:3      | Reached skill level 5 in Spellcasting
  2552 | D:3      | Found a sacrificial altar of Ru.
  2564 | D:3      | Became a worshipper of Gozag Ym Sagoz the Greedy
  2580 | D:4      | Noticed nothank2's ghost (novice GrEE)
  2815 | D:4      | Reached XP level 5. HP: 26/28 MP: 7/14
  2972 | D:4      | Reached skill level 6 in Conjurations
  3054 | D:4      | Found a runed translucent gate.
  3054 | D:4      | Found a runed translucent gate.
  3056 | D:4      | Found a runed translucent gate.
  3578 | D:5      | Entered Level 5 of the Dungeon
  3645 | D:5      | Noticed a sky beast
  3709 | D:5      | Learned a level 4 spell: Fulminant Prism
  3714 | D:5      | Learned a level 4 spell: Iskenderun's Mystic Blast
  3743 | D:5      | Noticed Edmund
  3752 | D:5      | Killed Edmund
  3753 | D:5      | Reached skill level 1 in Hexes
  3753 | D:5      | Reached skill level 1 in Translocations
  3753 | D:5      | Reached XP level 6. HP: 24/32 MP: 5/17
  3788 | D:5      | Noticed an ice beast
  3796 | D:5      | Killed an ice beast
  3940 | D:5      | Found a staircase to the Ecumenical Temple.
  3951 | Temple   | Entered the Ecumenical Temple
  4338 | D:5      | Killed a sky beast
  4339 | D:5      | Reached XP level 7. HP: 36/36 MP: 13/19
  4397 | D:5      | Reached skill level 7 in Conjurations
  4806 | D:6      | Reached XP level 8. HP: 41/41 MP: 14/21
  5465 | D:6      | You fall into a shaft and drop 3 floors!
  5490 | D:9      | Reached skill level 5 in Hexes
  5506 | D:9      | Found Bodeitugh's Antique Weapon Boutique.
  5521 | D:9      | HP: 1/41 [centaur skeleton (5)]
  6199 | D:7      | Reached skill level 8 in Conjurations
  6835 | D:7      | Reached skill level 5 in Translocations
  7312 | D:7      | Found a glowing golden altar of the Shining One.
  7314 | D:7      | Noticed an angel
  7323 | D:7      | Found a basalt altar of Yredelemnul.
  7655 | D:7      | Reached XP level 9. HP: 45/45 MP: 18/24
  8711 | D:8      | Noticed Joseph
  8944 | D:7      | Learned a level 4 spell: Animate Dead
  8985 | D:8      | Reached skill level 1 in Necromancy
  9020 | D:8      | Reached skill level 9 in Conjurations
  9677 | D:8      | Reached skill level 10 in Conjurations
  9689 | D:8      | Found a broken altar of Ashenzari.
 10027 | D:9      | Noticed Erica
 10034 | D:9      | Killed Erica
 10035 | D:9      | Reached skill level 11 in Conjurations
 10043 | D:9      | Noticed a centaur warrior
 10325 | D:8      | Identified a scroll of acquirement
 10325 | D:8      | Acquired the ring of Obsession {Str+6 Dex+6}
 10338 | D:8      | Bought a fine cloak for 266 gold pieces
 10343 | D:8      | Identified the cursed -4 cloak of Temperance {-Cast rPois
                  | rN+++} (You bought it in a shop on level 8 of the Dungeon)
 11313 | D:9      | Reached XP level 10. HP: 42/50 MP: 21/25
 11732 | D:9      | Reached skill level 12 in Conjurations
 11961 | D:8      | Bought a pair of slimy gloves for 266 gold pieces
 11961 | D:8      | Identified the +1 pair of gloves of Ethics {rF++ rC+} (You
                  | bought it in a shop on level 8 of the Dungeon)
 12024 | D:8      | Killed Joseph
 12195 | D:8      | Found Xuwon's Antique Weapon Boutique.
 12596 | D:8      | Found an ancient bone altar of Kikubaaqudgha.
 13172 | D:9      | Killed a centaur warrior
 13173 | D:9      | Reached skill level 13 in Conjurations
 14467 | D:10     | Entered Level 10 of the Dungeon
 14474 | D:9      | Noticed an unseen horror
 14480 | D:9      | Killed an unseen horror
 14780 | D:10     | Reached skill level 14 in Conjurations
 15042 | D:10     | Learned a level 3 spell: Tukima's Dance
 15187 | D:10     | Noticed a two-headed ogre
 15192 | D:10     | Killed a two-headed ogre
 15530 | D:10     | Noticed an elephant
 15531 | D:10     | Found a staircase to the Lair.
 15542 | D:10     | Reached XP level 11. HP: 25/54 MP: 19/26
 15825 | D:10     | Reached skill level 15 in Conjurations
 16790 | Lair:1   | Entered Level 1 of the Lair of Beasts
 17153 | Lair:1   | Noticed boopmooplesden's ghost (journeyman MiFi)
 17154 | Lair:1   | Found a bloodstained altar of Trog.
 17418 | Lair:1   | Found a transporter.
 17421 | Lair:1   | Found a transporter.
 17428 | Lair:1   | Identified the +9 trident of No Interval {holy, Str+6}
 17428 | Lair:1   | Identified the cursed +0 spear of Bile {antimagic, Int+2
                  | Stlth+}
 17428 | Lair:1   | Noticed a spriggan rider
 18625 | Lair:1   | Reached skill level 16 in Conjurations
 19648 | Lair:2   | Reached skill level 5 in Stealth
 19781 | Lair:2   | Reached skill level 5 in Dodging
 20583 | Lair:2   | Reached XP level 12. HP: 59/59 MP: 8/27
 20689 | Lair:2   | Noticed a death yak
 20702 | Lair:2   | Noticed a death yak
 20703 | Lair:2   | Noticed a death yak
 20703 | Lair:2   | Noticed a death yak
 20703 | Lair:2   | Noticed a death yak
 22038 | D:11     | Hit by a large rock thrown by a cyclops

Illustrated notes

Levels and vault maps discovered:
D:1:      wheals_arrival_shading, layout_rooms
D:2:      layout_rooms, minmay_hexomino_c4
D:3:      layout_loops_ring, nicolae_overflow_hidden_temple,
          hellmonk_ghost_happy_afterlife
D:4:      layout_basic, gammafunk_ghost_split
D:5:      layout_rooms, minmay_temple_entry_sparse_star,
          minmay_gold_behind_fungi, minmay_misc_feat_secret_circle, uniq_edmund
D:6:      layout_rooms, serial_bayou, serial_bayou_ford_a, serial_bayou_pond_a,
          serial_bayou_pond_d, serial_bayou_pond_a
D:7:      layout_cave_pods, grunt_temple_overflow_holy_war, water_maze_lemuel
D:8:      layout_layer_cave, kiku_gazebo_garden_becter, serial_shops,
          kennysheep_mini, basic_altar, serial_bayou, serial_bayou_pond_a,
          serial_bayou_shore_a, serial_bayou_shore_b, serial_bayou_pond_c,
          uniq_joseph
D:9:      layout_loops_cross, serial_shops, nicolae_shop_statue_plus,
          kb_rosetta, uniq_erica
D:10:     layout_basic, david_lair_generic
D:11:     minmay_quarter_circles, layout_basic, erik_orc_1,
          gammafunk_ghost_nasty_kobolds, uniq_maurice, uniq_nergalle
Temple:   eino_temple_scatter_basement
Lair:1:   layout_cave_pods, gammafunk_ghost_wrathful_warriors
Lair:2:   mu_elephants_graveyard, layout_long_grid, chequers_serial_rivers_marsh

Skill      XL: |  1  2  3  4  5  6  7  8  9 10 11 12 |
---------------+-------------------------------------+-----
Spellcasting   | 4 5 6 7 9 |  9.4
Conjurations   | 5 6 7 8 11 14 16 | 16.1
Hexes          | 1 2 4 6 |  6.8
Translocations | 1 2 3 5 |  5.7
Necromancy     | 1 |  1.2
Dodging        | 6 7 |  7.0
Stealth        | 7 |  7.6

Action                   |  1- 3 |  4- 6 |  7- 9 | 10-12 || total
-------------------------+-------+-------+-------+-------++-------
Melee: Unarmed           |    11 |       |       |       ||    11
       Dagger            |       |    23 |    23 |    49 ||    95
 Cast: Magic Dart        |    71 |    92 |   126 |   128 ||   417
       Searing Ray       |       |     9 |    36 |    91 ||   136
       Fulminant Prism   |       |     1 |    19 |    39 ||    59
       Iskenderun's Myst |       |       |     2 |    28 ||    30
       Tukima's Dance    |       |       |       |     2 ||     2
Invok: Call Merchant     |       |       |     1 |     1 ||     2
  Use: Scroll            |       |       |    20 |     8 ||    28
 Stab: Sleeping          |       |     2 |       |       ||     2
Armor: Robe              |     3 |     5 |     9 |    52 ||    69
Dodge: Dodged            |    17 |    19 |    88 |   183 ||   307
